 Dungeon Crawl Stone Soup version 0.18.1-47-g9310371 (console) character file.

1005 Kloppie the Cudgeler (level 8, -3/58 HPs)
             Began as a Human Fighter on June 22, 2016.
             Was a Follower of Okawaru.
             Slain by a wight
             ... wielding a +2 war axe of freezing
              (11 damage)
             ... on level 6 of the Dungeon.
             The game lasted 00:07:06 (4320 turns).

Kloppie the Cudgeler (Human Fighter)                Turns: 4320, Time: 00:07:06

Health: -3/58      AC:  8    Str: 17    XL:     8   Next: 44%
Magic:  8/8        EV: 12    Int:  9    God:    Okawaru [*.....]
Gold:   276        SH: 10    Dex: 19    Spells: 0 memorised, 7 levels left

rFire  . . .     SeeInvis .     a - +0 flail
rCold  . . .     Gourm    .     b - +0 scale mail
rNeg   . . .     Faith    .     c - +0 shield
rPois  .         Spirit   .     (no helmet)
rElec  .         Dismiss  .     v - +1 cloak
rCorr  +         Reflect  .     (no gloves)
SustAt .         Harm     .     (no boots)
MR     +....                    (no amulet)
Stlth  +.........               s - ring of protection from magic
                                y - ring of resist corrosion

@: agile, drained, somewhat resistant to hostile enchantments, very unstealthy
A: no striking features
a: Heroism, Renounce Religion


You were on level 6 of the Dungeon.
You worshipped Okawaru.
Okawaru was aware of your devotion.
You were hungry.

You visited 2 branches of the dungeon, and saw 7 of its levels.

You collected 276 gold pieces.

Inventory:

Hand Weapons
 a - a +0 flail (weapon)
Armour
 b - a +0 scale mail (worn)
 c - a +0 shield (worn)
 v - a +1 cloak (worn)
Jewellery
 j - an uncursed ring of wizardry
 s - a ring of protection from magic (right hand)
 y - a ring of resist corrosion (left hand)
Wands
 d - a wand of slowing (24/48)
 B - a wand of slowing (21/48)
 G - a wand of iceblast (5/15)
Scrolls
 h - 3 scrolls of remove curse
 n - a scroll of identify
 r - a scroll of noise
 z - a scroll of teleportation {unknown}
 C - a scroll of amnesia {unknown}
 D - a scroll of enchant armour {unknown}
 E - a scroll of random uselessness {unknown}
 F - a scroll of acquirement {unknown}
Potions
 e - 2 potions of mutation
 i - a potion of invisibility {unknown}
 k - a potion of curing {unknown}
 m - 3 potions of agility
 o - a potion of lignification {unknown}
 p - a potion of magic {unknown}
 u - 3 potions of flight {unknown}
 w - 2 potions of brilliance {unknown}
 x - a potion of cancellation {unknown}
Comestibles
 f - 3 bread rations
 g - 2 beef jerkies
 l - a slice of pizza
 q - a royal jelly
 t - 5 meat rations
 A - a fruit


   Skills:
 - Level 3.0(2.0) Fighting
 + Level 7.0(5.9) Maces & Flails
 - Level 3.0(2.0) Armour
 + Level 7.0(6.0) Shields


You had 7 spell levels left.
You didn't know any spells.

Dungeon Overview and Level Annotations

Branches:
Dungeon (6/15)             Temple (1/1) D:4

Altars:
Ashenzari
Cheibriados
Dithmenos
Fedhas
Kikubaaqudgha
Makhleb
Okawaru
Pakellas
Ru
Sif Muna
Trog
Xom
Yredelemnul
Zin


Message History

You hit the wight.
The wight is heavily damaged.
You barely miss the wight.
The wight is heavily damaged.
The wight hits you with a war axe of freezing.
* * * LOW HITPOINT WARNING * * *
You feel drained.
* * * LOW HITPOINT WARNING * * *
The wight freezes you.
* * * LOW HITPOINT WARNING * * *
You barely miss the wight.
The wight is heavily damaged.
The wight barely misses you.
You hit the wight.
The wight is severely damaged.
The wight closely misses you.
You hit the wight.
The wight is almost destroyed.
The wight hits you with a war axe of freezing!
You die...

#
####.###
#%..z..#
#.#z##.#
#z# #
#@#
#.###..#
#<.....#
#####.##


You could see a wight.

Vanquished Creatures
  Duvessa (D:5)
  2 ogres
  A centaur (D:5)
  Dowan (D:4)
  2 wights (D:6)
  2 howler monkeys (D:4)
  A crimson imp (D:4)
  A hound (D:5)
  Crazy Yiuf (D:2)
  A centaur skeleton (D:5)
  Ijyb (D:2)
  2 orc wizards (D:4)
  3 worker ants
  7 adders
  2 oozes (D:1)
  An adder zombie (D:5)
  3 dart slugs
  4 giant geckos
  8 orcs (D:4)
  3 ball pythons
  9 bats
  3 giant cockroaches
  8 hobgoblins
  5 jackals (D:1)
  3 quokkas (D:4)
  5 giant newts
  4 goblins
  6 kobolds
  6 rats
96 creatures vanquished.

Notes
Turn   | Place    | Note
--------------------------------------------------------------
     0 | D:1      | Kloppie the Human Fighter began the quest for the Orb.
     0 | D:1      | Reached XP level 1. HP: 18/18 MP: 1/1
   160 | D:1      | Reached XP level 2. HP: 24/24 MP: 2/2
   259 | D:1      | Reached XP level 3. HP: 27/29 MP: 3/3
   691 | D:2      | Noticed Ijyb
   713 | D:2      | Killed Ijyb
   713 | D:2      | Reached XP level 4. HP: 20/35 MP: 4/4
  1013 | D:2      | Noticed Crazy Yiuf
  1022 | D:2      | Killed Crazy Yiuf
  1022 | D:2      | Reached XP level 5. HP: 33/41 MP: 5/5
  1763 | D:3      | Found a snail-covered altar of Cheibriados.
  2241 | D:4      | Reached XP level 6. HP: 43/47 MP: 6/6
  2249 | D:4      | Found a staircase to the Ecumenical Temple.
  2255 | Temple   | Entered the Ecumenical Temple
  2345 | Temple   | Became a worshipper of Warmaster Okawaru
  2507 | D:4      | Reached skill level 5 in Shields
  2699 | D:4      | Noticed an ogre
  2720 | D:4      | Killed an ogre
  2720 | D:4      | Reached skill level 5 in Maces & Flails
  2858 | D:4      | Found a basalt altar of Yredelemnul.
  2967 | D:4      | Reached XP level 7. HP: 50/52 MP: 7/7
  3348 | D:5      | Entered Level 5 of the Dungeon
  3733 | D:5      | Noticed Duvessa
  3737 | D:5      | Noticed Dowan
  3803 | D:4      | Reached * piety under Okawaru
  3922 | D:4      | Reached XP level 8. HP: 51/58 MP: 8/8
  3981 | D:5      | Killed Duvessa
  3994 | D:4      | Killed Dowan
  4320 | D:6      | Slain by a wight

Skill      XL: |  1  2  3  4  5  6  7  8 |
---------------+-------------------------+-----
Maces & Flails | 3 4 5 6 7 |  7.0
Shields        | 4 5 6 7 |  7.0
Fighting       | |  3.0
Armour         | |  3.0

Action                   |  1- 3 |  4- 6 |  7- 9 || total
-------------------------+-------+-------+-------++-------
Melee: Flail             |    99 |   223 |   138 ||   460
Evoke: Wand              |       |     1 |       ||     1
  Use: Potion            |       |     1 |     1 ||     2
       Scroll            |       |     4 |       ||     4
  Eat: Chunk             |       |     7 |     4 ||    11
Armor: Scale mail        |    65 |    90 |    55 ||   210
Dodge: Dodged            |    24 |    57 |    46 ||   127
Block: Shield            |    59 |   117 |    66 ||   242
